 Dungeon Crawl Stone Soup version 0.27.1-33-g824d729ab1 (webtiles) character file.

Game seed: 14319099684381905944

5 zeram the Magician (level 1, -1/9 HPs)
             Began as a Spriggan Hedge Wizard on Dec 2, 2021.
             Slain by a jackal (2 damage)
             ... on level 1 of the Dungeon.
             The game lasted 00:00:53 (189 turns).

zeram the Magician (Spriggan Hedge Wizard)           Turns: 189, Time: 00:00:54

Health: -1/9       AC:  2    Str:  6    XL:     1   Next: 66%
Magic:  4/6        EV: 17    Int: 15    God:
Gold:   0          SH:  0    Dex: 14    Spells: 7/8 levels left

rFire    . . .     SeeInvis +   a - +0 dagger
rCold    . . .     Faith    .   (shield restricted)
rNeg     . . .     Spirit   .   b - +0 robe
rPois    .         Reflect  .   c - +0 hat
rElec    .         Harm     .   (no cloak)
rCorr    .         Rampage  .   (gloves unavailable)
Will     .....                  (boots unavailable)
Stlth    ++........             (no amulet)
HPRegen  0.03/turn              (no ring)
MPRegen  0.10/turn              (no ring)

@: very quick
A: very small, no large weapons, unfitting armour, see invisible, speed 3
a: no special abilities


You were on level 1 of the Dungeon.
You visited 1 branch of the dungeon, and saw 1 of its levels.

Inventory:

Hand Weapons
 a - a +0 dagger (weapon)
Armour
 b - a +0 robe (worn)
 c - a +0 hat (worn)


   Skills:
 + Level 2.8 Dodging
 - Level 3.0 Stealth
 + Level 4.4 Spellcasting
 - Level 0.6 Conjurations
 - Level 0.7 Summonings
 - Level 1.5 Translocations


You had 7 spell levels left.
You knew the following spells:

 Your Spells              Type           Power      Damage    Failure   Level
a - Magic Dart            Conj           20%        1d4       14%         1

Your spell library contained the following spells:

 Spells                   Type           Power      Damage    Failure   Level
 Blink                    Tloc           N/A        N/A       14%         2
 Call Imp                 Summ           5%         N/A       21%         2
 Slow                     Hex            3%         N/A       26%         2
 Conjure Flame            Conj/Fire      4%         6-21      43%         3
 Mephitic Cloud           Conj/Pois/Air  3%         N/A       43%         3


Dungeon Overview and Level Annotations

Branches:
Dungeon (1/15)

Altars:


Innate Abilities, Weirdness & Mutations

You are very small and have problems with some larger weapons.
You are too small for most types of armour.
You have supernaturally acute eyesight. (SInv)
You cover ground extremely quickly. (Speed+++)


Message History

Aiming: Magic Dart (safe; 14% risk of failure)
Press: ? - help, Shift-Dir - straight line, f/p - jackal
Aim: a jackal (moderately wounded, 100% to hit)
The magic dart hits the jackal.
The jackal is severely wounded.
The jackal bites you. The jackal barely misses you.
You hit the jackal.
The jackal is almost dead.
The jackal barely misses you.
You closely miss the jackal.
The jackal is almost dead.
The jackal misses you.
You barely miss the jackal.
The jackal is almost dead.
The jackal barely misses you. x2
You hit the jackal but do no damage.
The jackal is almost dead.
The jackal misses you.
Your magical contamination has completely faded away.
You closely miss the jackal.
The jackal is almost dead.
The jackal bites you. The jackal misses you.
You hit the jackal but do no damage.
The jackal is almost dead.
The jackal closely misses you.
You barely miss the jackal.
The jackal is almost dead.
The jackal closely misses you.
You hit the jackal but do no damage.
The jackal is almost dead.
The jackal bites you but does no damage.
The jackal misses you.
You hit the jackal but do no damage.
The jackal is almost dead.
The jackal bites you.
* * * LOW HITPOINT WARNING * * *
You closely miss the jackal.
The jackal is almost dead.
The jackal bites you.
You die...

##########
##≈≈≈≈≈≈≈≈##
#≈≈≈.<..≈≈≈#
#.........)#
#+##....##'#
##'@##..##
#.h.†#..⌠#
#####....######
≈≈..........≈≈≈#
≈...#........≈≈≈
........≈##...≈≈
...##...## ..)..
.. ≈≈##!. .... #
..≈ ... ..#


You could see a jackal.

Vanquished Creatures
  A ball python (D:1)
  A goblin (D:1)
  2 jackals (D:1)
4 creatures vanquished.

Notes
Turn   | Place    | Note
-------+----------+-------------------------------------------
     0 | D:1      | zeram the Spriggan Hedge Wizard began the quest for the
                  | Orb.
     0 | D:1      | Reached XP level 1. HP: 9/9 MP: 6/6
   189 | D:1      | Slain by a jackal

Illustrated notes

Levels and vault maps discovered:
D:1:      denvon_arrival_waterhouse, layout_basic,
          hangedman_decor_clover_reticule, amcnicky_mini_pool_small,
          minmay_close_crescents

Action                   || total
-------------------------++-------
Melee: Dagger            ||    10
 Cast: Magic Dart        ||    14
Armor: Robe              ||     3
Dodge: Dodged            ||    12
